 Dungeon Crawl Stone Soup version 0.20-a0-1114-g33edf32 (webtiles) character file.

1274 KarmaPolice the Cutter (level 8, 0/54 HPs)
             Began as a Halfling Skald on May 4, 2017.
             Slain by a wight
             ... wielding a cursed +3 long sword of freezing
              (3 damage)
             ... on level 6 of the Dungeon on May 6, 2017.
             The game lasted 00:29:20 (6282 turns).

KarmaPolice the Cutter (Halfling Skald)             Turns: 6282, Time: 00:29:21

Health: 0/54       AC:  6    Str: 12    XL:     8   Next: 83%
Magic:  2/11       EV: 14    Int: 11    God:
Gold:   153        SH:  0    Dex: 16    Spells: 6/12 levels left

rFire    . . .     SeeInvis .   s - +3 short sword (venom)
rCold    . . .     Gourm    .   (shield restricted)
rNeg     . . .     Faith    .   b - +0 leather armour
rPois    .         Spirit   .   (no helmet)
rElec    .         Reflect  .   (no cloak)
rCorr    .         Harm     .   q - +2 pair of gloves
MR       .....                  (no boots)
Stlth    +.........             (no amulet)
Regen    0.2/turn               (no ring)
MPRegen  0.2/turn               (no ring)

@: very slightly contaminated, heavily drained
A: mutation resistance 1
a: no special abilities


You were on level 6 of the Dungeon.
You were hungry.

You visited 1 branch of the dungeon, and saw 6 of its levels.

You collected 153 gold pieces.

Inventory:

Hand Weapons
 a - a +0 falchion
 s - a +3 short sword of venom (weapon)
Armour
 b - a +0 leather armour (worn)
 q - a +2 pair of gloves (worn)
Jewellery
 m - a +5 ring of dexterity {unknown}
 x - a +2 amulet of reflection {unknown}
Wands
 y - a wand of polymorph (15/24)
Scrolls
 e - 2 scrolls of identify {unknown}
 f - 2 scrolls of remove curse {unknown}
 j - a scroll of amnesia {unknown}
 k - 2 scrolls of recharging {unknown}
 l - 2 scrolls of immolation
 n - 3 scrolls of enchant weapon
 u - a scroll of fog {unknown}
 v - a scroll of enchant armour {unknown}
 z - 2 scrolls of blinking {unknown}
 A - a scroll of random uselessness {unknown}
Potions
 i - a potion of curing
 o - 2 potions of magic {unknown}
 p - a potion of might {unknown}
 r - a potion of ambrosia {unknown}
 t - a potion of degeneration {unknown}
 w - a potion of mutation {unknown}
Books
 c - a book of Battle

   Spells                             Type                      Level
   a - Infusion                       Charms                       1
   b - Shroud of Golubria             Charms/Translocation         2
   c - Song of Slaying                Charms                       2
   d - Spectral Weapon                Hexes/Charms                 3
   e - Regeneration                   Charms/Necromancy            3
Comestibles
 d - 3 bread rations
 g - 9 fruits
 h - 3 royal jellies
 B - a chunk of flesh


   Skills:
 + Level 4.7(3.1) Fighting
 + Level 5.3(4.2) Short Blades
 - Level 2.8(2.4) Long Blades
 - Level 4.8(3.1) Armour
 + Level 2.8(1.2) Dodging
 - Level 2.5(1.0) Spellcasting
 - Level 4.0(2.4) Charms
 - Level 2.3(0.8) Translocations
 + Level 2.8(1.3) Evocations


You had 6 spell levels left.
You knew the following spells:

 Your Spells              Type           Power        Failure   Level  Hunger
a - Infusion              Chrm           #...         16%         1    ##.....
b - Shroud of Golubria    Chrm/Tloc      #.........   32%         2    ###....
c - Regeneration          Chrm/Necr      #.........   58%         3    ####...


Dungeon Overview and Level Annotations

Branches:
Dungeon (6/15)
 Temple: D:4-7

Altars:
Cheibriados
Hepliaklqana
Kikubaaqudgha
Makhleb
Yredelemnul
Zin

Annotations:
D:5 Menkaure


Innate Abilities, Weirdness & Mutations

You are small and have problems with some larger weapons.
You are somewhat resistant to further mutation.


Message History

You hit the wight.
The wight is moderately damaged.
The wight completely misses you.
You barely miss the wight.
The wight is moderately damaged.
You hit the wight.
The wight is heavily damaged.
The wight hits you with a long sword of freezing!
* * * LOW HITPOINT WARNING * * *
You feel drained.
* * * LOW HITPOINT WARNING * * *
The wight freezes you.
* * * LOW HITPOINT WARNING * * *
There is a stone staircase leading up, spattered with blood here.
Okay, then.
It was a potion of curing.
You feel better.
The wight hits you with a long sword of freezing.
* * * LOW HITPOINT WARNING * * *
You feel drained.
You die...

##..#### ###
##.### ####.###
##)## #......##
###.##
######..##
####...# #####
##..#####.....##
.....
###.......>.##
.....
#.......z.#
#####
##......@##
..... ####....#
...## ###..## ##
##...# ##....#
##....## #
##..#### #.
##..## ..# #..
##...# ......#


You could see a wight.

Vanquished Creatures
  A phantom (D:6)
  A bullfrog (D:6)
  6 killer bees
  4 wights (D:6)
  2 crimson imps (D:5)
  2 hounds (D:5)
  An orc priest (D:5)
  A gnoll shaman (D:5)
  An iguana (D:5)
  4 orc wizards
  4 worker ants
  A hound zombie (D:5)
  6 gnolls
  10 adders
  An adder zombie (D:6)
  2 worms
  3 dart slugs
  2 leopard geckos
  17 orcs
  2 ball pythons (D:3)
  3 giant cockroaches
  4 goblins
  2 hobgoblins
  2 jackals (D:3)
  5 quokkas
  4 bats
  3 frilled lizards (D:3)
  9 kobolds
  A leopard gecko skeleton (D:4)
  6 rats
110 creatures vanquished.

Notes
Turn   | Place    | Note
-------+----------+-------------------------------------------
     0 | D:1      | KarmaPolice the Halfling Skald began the quest for the Orb.
     0 | D:1      | Reached XP level 1. HP: 14/14 MP: 3/3
   876 | D:2      | Reached XP level 2. HP: 19/19 MP: 4/4
   885 | D:2      | Learned a level 2 spell: Shroud of Golubria
   989 | D:2      | Found a basalt altar of Yredelemnul.
  1315 | D:2      | Reached skill level 1 in Translocations
  1315 | D:2      | Reached XP level 3. HP: 20/24 MP: 0/5
  1378 | D:2      | Found a glowing silver altar of Zin.
  1787 | D:2      | Reached XP level 4. HP: 30/30 MP: 0/6
  2011 | D:2      | Found an ancient bone altar of Kikubaaqudgha.
  2352 | D:3      | Learned a level 3 spell: Regeneration
  2568 | D:2      | Reached XP level 5. HP: 31/35 MP: 7/7
  2847 | D:3      | Reached skill level 1 in Short Blades
  3000 | D:3      | Reached skill level 2 in Short Blades
  3113 | D:3      | Reached XP level 6. HP: 40/41 MP: 2/8
  3327 | D:4      | Found a snail-covered altar of Cheibriados.
  3696 | D:5      | Entered Level 5 of the Dungeon
  3993 | D:4      | Found a hazy altar of Hepliaklqana.
  4174 | D:5      | Reached skill level 3 in Short Blades
  4196 | D:5      | Reached XP level 7. HP: 42/46 MP: 8/10
  4473 | D:5      | Upgraded the game from 0.20-a0-1101-g1de9d76 to 0.20-a0-1114-g33edf32
  4551 | D:5      | Found a burning altar of Makhleb.
  5105 | D:5      | Reached skill level 4 in Short Blades
  5180 | D:5      | Noticed Menkaure
  5696 | D:6      | Reached skill level 1 in Evocations
  5696 | D:6      | Reached XP level 8. HP: 33/54 MP: 5/11
  5987 | D:6      | Reached skill level 5 in Short Blades
  6276 | D:6      | HP: 2/54 [wight/long sword of freezing (2)]
  6282 | D:6      | Slain by a wight

Vault maps used:
D:1:      dpeg_arrival_tiny_h
D:2:      zin_academy, kiku_gazebo_garden_becter, yredelemnul_altar_generic,
          serial_park_tiny_2
D:3:      st_stairs_10, minmay_bisected
D:4:      old_standard_altar, kennysheep_mini_moat
D:5:      first_bread, bloody_makhleb, uniq_menkaure
D:6:      minmay_overflow_temple_star_quad, overflow_temple_1_default,
          minmay_temple_entry_large_hall

Skill      XL: |  1  2  3  4  5  6  7  8 |
---------------+-------------------------+-----
Fighting       | 2 3 4 |  4.7
Translocations | 1 2 |  2.3
Charms         | 4 |  4.0
Short Blades   | 2 3 4 5 |  5.3
Armour         | 2 3 4 |  4.8
Spellcasting   | 2 |  2.5
Evocations     | 1 2 |  2.8
Long Blades    | |  2.8
Dodging        | |  2.8

Action                   |  1- 3 |  4- 6 |  7- 9 || total
-------------------------+-------+-------+-------++-------
Melee: Falchion          |    80 |    31 |       ||   111
       Short sword       |       |   133 |   198 ||   331
 Cast: Infusion          |     3 |     8 |     8 ||    19
       Shroud of Golubri |     2 |     2 |     3 ||     7
  Use: Scroll            |       |     1 |     1 ||     2
       Potion            |       |       |     1 ||     1
 Stab: Sleeping          |       |     3 |       ||     3
  Eat: Chunk             |     3 |     8 |     7 ||    18
Armor: Leather armour    |    12 |    36 |    38 ||    86
       Skin              |       |     2 |       ||     2
Dodge: Dodged            |    60 |   101 |   128 ||   289
       Rpst.: Falchion   |    17 |     8 |       ||    25
